 Dungeon Sprint DCSS version 0.28-a0-476-g0f06bd746f (webtiles) character file.

Game seed: 5575357785519278586

21038 dolemite99 the Necromancer (level 12, 0/110 HPs)
             Began as a Deep Dwarf Earth Elementalist on Sept 17, 2021.
             Was the Champion of Makhleb.
             Killed from afar by an ancient champion (37 damage)
             ... with an iron shot
             ... in the Dungeon (Sprint V: "Ziggurat Sprint").
             The game lasted 00:12:18 (748 turns).

dolemite99 the Necromancer (DDEE)                    Turns: 748, Time: 00:12:18

Health: 0/110      AC: 19    Str: 23    XL:     12   Next: 50%
Magic:  20/20      EV: 10    Int: 22    God:    Makhleb [******]
Gold:   0          SH:  0    Dex: 13    Spells: 5/21 levels left

rFire   + + .      SeeInvis .   G - +0 staff of Battle
rCold   x . .      Faith    .   (no shield)
rNeg    . . .      Spirit   .   D - +5 fire dragon scales
rPois   .          Reflect  .   (no helmet)
rElec   .          Harm     .   W - +2 cloak {Stlth+}
rCorr   .          Rampage  .   (no gloves)
Will    +....      NoTele   +   (no boots)
Stlth   ++++......              T - amulet of magic regeneration
HPRegen 0.00/turn               x - +6 ring of strength
MPRegen 0.42/turn               y - +6 ring of strength

@: no status effects
A: damage resistance, heal wounds, sense surroundings 2, no regeneration, low mp
1
a: Heal Wounds, Renounce Religion, Minor Destruction, Lesser Servant of Makhleb,
Major Destruction, Greater Servant of Makhleb


You were in the Dungeon.
You worshipped Makhleb.
Makhleb was exalted by your worship.
You visited 1 branch

Inventory:

Hand Weapons
 a - the +3 Elemental Staff {rElec rF++ rC++ AC+5}
   (You found it in the Dungeon)

   If the wielder is skilled in Evocations, they can discharge powerful blasts
   of elemental energy when striking with it.
   It enhances your fire, ice, earth and air magic.
   AC:        It affects your AC (+5).
   rF:        It greatly protects you from fire.
   rC:        It greatly protects you from cold.
   rElec:     It insulates you from electricity.
 G - the +0 staff of Battle (weapon)
   (You found it in the Dungeon)

   It enhances your conjuration magic.
   It summons a battlesphere in combat, with strength depending on Conjurations
   skill.
   Its strikes trigger the battlesphere's blasts.
 L - a +5 broad axe
 M - a +5 fustibalus
 Q - the +8 lance "Wyrmbane" {slay drac, rPois rF+ rC+ AC+3}
   (You found it in the Dungeon)

   It inflicts extra damage against dragons and draconians.
   AC:        It affects your AC (+3).
   rF:        It protects you from fire.
   rC:        It protects you from cold.
   rPois:     It protects you from poison.
 S - the +7 Singing Sword {vorpal, sonic wave}
   (You found it in the Dungeon)

   It inflicts extra damage upon your enemies.
   It radiates damaging sonic waves as it strikes, especially in combat
   involving dangerous or numerous foes.
Missiles
 i - 30 stones
 O - 1042 bolts
 P - 1000 sling bullets
Armour
 D - +5 fire dragon scales (worn)
 H - +5 shadow dragon scales
 I - +5 storm dragon scales
 K - a +3 kite shield
 V - the +4 leather armour "Ciuc" {rN++ Dex+4}
   (You found it in the Dungeon)

   Dex:       It affects your dexterity (+4).
   rN:        It greatly protects you from negative energy.
 W - a +2 cloak of stealth (worn)
Magical Staves
 E - a staff of earth
 U - a staff of air
Jewellery
 l - a +6 ring of strength
 s - a ring of flight
 t - a +6 ring of dexterity
 u - a +6 ring of dexterity
 v - a +6 ring of intelligence
 w - a +6 ring of intelligence
 x - a +6 ring of strength (left hand)
 y - a +6 ring of strength (right hand)
 F - a ring of poison resistance
 J - a ring of see invisible
 T - an amulet of magic regeneration (around neck)
 X - a ring of resist corrosion
 Z - the ring of Cetedd {Ice Str-3 Int+4 Dex+8}
   (You found it in the Dungeon)

   [ring of ice]

   It enhances your ice magic.
   Str:       It affects your strength (-3).
   Int:       It affects your intelligence (+4).
   Dex:       It affects your dexterity (+8).
   rF:        It makes you vulnerable to fire.
   rC:        It protects you from cold.
Wands
 z - a wand of mindburst (7)
 A - a wand of iceblast (3)
 B - a wand of acid (2)
Scrolls
 h - 4 scrolls of blinking
 n - 4 scrolls of amnesia
 o - 7 scrolls of fog
 p - a scroll of holy word
 q - 5 scrolls of identify {@r1}
 r - 2 scrolls of fear
Potions
 c - 10 potions of curing
 d - 4 potions of heal wounds
 e - 10 potions of haste
 f - 7 potions of magic
 g - 3 potions of berserk rage
 j - 2 potions of invisibility
 k - 4 potions of resistance
 m - 5 potions of might
 Y - 2 potions of brilliance
Miscellaneous
 b - a phantom mirror
 C - a lightning rod (4/4)
 N - a box of beasts
 R - a phial of floods


   Skills:
 * Level 7.6 Fighting
 + Level 7.6 Armour
 - Level 2.1 Dodging
 - Level 12.0 Stealth
 + Level 7.3 Shields
 + Level 5.3 Spellcasting
 - Level 4.8 Summonings
 - Level 20.2 Necromancy
 - Level 0.8 Transmutations
 - Level 12.3 Earth Magic
 - Level 17.7 Invocations
 - Level 11.6 Evocations


You had 5 spell levels left.
You knew the following spells:

 Your Spells              Type           Power      Damage    Failure   Level
a - Sandblast             Erth           100%       2d20      1%          1
b - Animate Armour        Summ/Erth      86%        N/A       8%          4
c - Death Channel         Necr           38%        N/A       1%          6
d - Lee's Rapid Deconstr  Erth           28%        3d16*     4%          5

Your spell library contained the following spells:

 Spells                   Type           Power      Damage    Failure   Level
 Pain                     Necr           100%       1d9       0%          1
 Sublimation of Blood     Necr           38%        N/A       0%          2
 Corpse Rot               Necr/Air       N/A        N/A       1%          2
 Dispel Undead            Necr           76%        3d25      1%          4
 Agony                    Necr           76%        N/A       1%          5
 Excruciating Wounds      Necr           38%        N/A       1%          5
 Passwall                 Tmut/Erth      28%        N/A       2%          2
 Call Imp                 Summ           27%        N/A       5%          2
 Stone Arrow              Conj/Erth      98%        3d13      6%          3
 Petrify                  Tmut/Erth      34%        N/A       17%         4
 Leda's Liquefaction      Hex/Erth       16%        N/A       21%         4
 Magic Dart               Conj           32%        1d4       26%         1
 Shock                    Conj/Air       32%        1d5       26%         1
 Wereblood                Tmut           9%         N/A       28%         2
 Poisonous Vapours        Pois/Air       10%        N/A       38%         2
 Ignite Poison            Fire/Tmut/Pois 7%         N/A       56%         3
 Conjure Flame            Conj/Fire      8%         6-21      63%         3
 Mephitic Cloud           Conj/Pois/Air  8%         N/A       63%         3
 Ozocubu's Armour         Ice            5%         N/A       63%         3
 Summon Ice Beast         Ice/Summ       16%        N/A       67%         4
 Summon Lightning Spire   Summ/Air       16%        N/A       67%         4
 Airstrike                Air            2%         N/A       95%         4
 Cause Fear               Hex            2%         N/A       95%         4
 Sticky Flame             Conj/Fire      8%         2d3       95%         4
 Blade Hands              Tmut           4%         N/A       99%         5
 Lightning Bolt           Conj/Air       4%         1d15      100%        5
 Metabolic Englaciation   Hex/Ice        2%         N/A       100%        5
 Simulacrum               Ice/Necr       25%        N/A       54%         6
 Statue Form              Tmut/Erth      22%        N/A       95%         6
 Iron Shot                Conj/Erth      24%        9d5       97%         6
 Conjure Ball Lightning   Conj/Air       4%         3x3d6     100%        6
 Eringya's Noxious Bog    Tmut/Pois      3%         N/A       100%        6
 Starburst                Conj/Fire      4%         6d3       100%        6
 Dragon Form              Tmut           4%         N/A       100%        7
 Ozocubu's Refrigeration  Ice            2%         4d5       100%        7
 Storm Form               Tmut/Air       3%         N/A       100%        7
 Summon Hydra             Summ           13%        N/A       100%        7
 Lehudib's Crystal Spear  Conj/Erth      24%        10d7      100%        8
 Dragon's Call            Summ           13%        N/A       100%        9


Dungeon Overview and Level Annotations

Branches:
Dungeon (1/1)

Altars:
Ashenzari
Cheibriados
Dithmenos
Elyvilon
Fedhas
Gozag
Hepliaklqana
Kikubaaqudgha
Makhleb
Nemelex Xobeh
Okawaru
Qazlal
Ru
Sif Muna
Trog
Uskayaw
Vehumet
Wu Jian
Xom
Yredelemnul
Zin
The Shining One
Beogh
Jiyva
Lugonu


Innate Abilities, Weirdness & Mutations

You are resistant to damage.
You can heal yourself by infusing magical energy.
You passively map the area around you.
You do not regenerate.
Your magical capacity is low. (-10% MP)


Message History

The ancient champion casts a spell.
The ancient champion seems to speed up.
The ancient champion casts a spell.
The ancient champion seems to speed up.
The ancient champion gestures wildly while chanting.
The ancient champion seems to speed up.
The tormentor calls on the powers of darkness!
Your body is wracked with pain!
* * * LOW HITPOINT WARNING * * *
You feel much better.
You conjure a globe of magical energy.
The quicksilver elemental hits your balrug.
Your balrug's magic leaks into the air.
Your balrug gestures at the war gargoyle.
The sticky flame hits the war gargoyle but does no damage.
The war gargoyle is covered in liquid flames!
The war gargoyle launches metal splinters at you.
The spray of metal splinters hits you!!
* * * LOW HITPOINT WARNING * * *
The war gargoyle hits your balrug with a +0 morningstar!!
Your balrug dies!
Your balrug disappears in a puff of smoke!
You feel much better.
The war gargoyle burns!
The quicksilver elemental hits your blizzard demon.
Your blizzard demon's magic leaks into the air.
Your balrug gestures at the war gargoyle.
The sticky flame hits the war gargoyle.
The war gargoyle resists.
The war gargoyle is covered in liquid flames!
The quicksilver elemental breathes dispelling energy at you.
The bolt of dispelling energy hits you!!
* * * LOW HITPOINT WARNING * * *
The war gargoyle launches metal splinters at your balrug.
The spray of metal splinters hits your balrug!!
The ancient champion hits your balrug with a +1 battleaxe!!
Your balrug hits the ancient champion but does no damage.
You feel much better.
The war gargoyle burns!
The quicksilver elemental breathes dispelling energy at you.
The bolt of dispelling energy hits you!
The ancient champion points at you and mumbles some strange words.
The iron shot hits you!!!
You die...

* * *
*▓..}?)[)=)..▓.▓.††.▓.▓.
, 8 ,
,▓...)}[[[=..▓...©....▓.
▓...........▓▓▓▓▓▓▓▓▓▓▓
,,
▓..9r.9.....▓...8©8...▓ ,
,,
▓....2......▓....)....▓ ,
, ,
▓...Ez9z99..▓...)[....▓ ,
,, ,
..▓z292E▓..▓.........▓ ,
▓.▓..°▓.▓ ▓........"▓ , ,
, ▓..▓.*@..▓..▓.........▓
,, *
▓.....©.....▓....††...▓ ,
,,
▓▓▓▓▓▓▓▓▓▓▓▓▓....†.†..▓ ,
, *
▓....8©8....▓....©†...▓
,, ,
▓..)).)})...▓▓▓▓▓▓▓▓▓▓▓ ©
▓....)}||...▓...8©8..)▓ *
**▓...††......▓...}["...▓
©8 ,
▓.........[.▓...|))...▓ ,
, ▓......†....▓.........▓


You could see 2 iron golems, 2 quicksilver elementals, 3 ancient champions, a
crystal echidna, 4 war gargoyles, a tormentor, a friendly balrug (summoned), a
friendly blizzard demon (summoned) and a friendly battlesphere.

Vanquished Creatures
  A shining eye (D)
  2 slime creatures (D)
  A naga (D)
  A hell hound (D)
  A water moccasin (D)
  A black bear (D)
  3 wolves (D)
  A jelly (D)
  An orc priest (D)
  An iron imp (D)
  An orc wizard (D)
  An adder (D)
  An ufetubus (D)
  An endoplasm (D)
17 creatures vanquished.

Vanquished Creatures (collateral kills)
  A lich (D)
  A shadow dragon (D)
  A ghost moth (D)
  A stone giant (D)
  A ghoul (D)
  A yaktaur captain (D)
  A rakshasa (D)
  6 vault guards (D)
  3 soul eaters (D)
  A sixfirhy (D)
  A wolf spider (D)
  2 orb spiders (D)
  2 cane toads (D)
  A yaktaur (D)
  A demonic crawler (D)
  3 hornets (D)
  A redback (D)
  3 tarantellas (D)
  2 orc warriors (D)
  A necrophage (D)
  A wolf (D)
  A small abomination (D)
  A wight (D)
  3 orc priests (D)
  2 iron imps (D)
  An iguana (D)
  2 orc wizards (D)
  2 river rats (D)
  A shadow imp (D)
  A spectral adder (D)
  An ufetubus (D)
  3 adder skeletons (D)
  An adder zombie (D)
  4 orcs (D)
  A spectral bat (D)
  2 bat skeletons (D)
  A jackal (D)
  A ball python skeleton (D)
  2 ball python zombies (D)
  A quokka skeleton (D)
  A quokka zombie (D)
  A spectral giant cockroach (D)
  A spectral jackal (D)
69 creatures vanquished.

Vanquished Creatures (others)
  A bat skeleton (D)
1 creature vanquished.

Grand Total: 87 creatures vanquished

Notes
Turn   | Place    | Note
-------+----------+-------------------------------------------
     0 | D        | dolemite99 the Deep Dwarf Earth Elementalist began the
                  | quest for the Orb.
     0 | D        | Reached XP level 1. HP: 15/15 MP: 3/3
     0 | D        | Found a bloodstained altar of Trog.
     0 | D        | Found a shimmering blue altar of Sif Muna.
     0 | D        | Found a sacrificial altar of Ru.
     0 | D        | Found a stormy altar of Qazlal.
     0 | D        | Found an iron altar of Okawaru.
     2 | D        | Found a sparkling altar of Nemelex Xobeh.
     2 | D        | Found a blossoming altar of Fedhas.
     2 | D        | Found the +6 Majin-Bo {vamp, MP+6 Int+6}
     2 | D        | Found the +9 heavy crossbow "Sniper" {vorpal, Acc+∞ SInv}
     2 | D        | Found the +10 dark maul {vorpal}
     2 | D        | Found the +15 Maxwell's patent armour {-Cast -Tele rElec
                  | Will+ rCorr}
     2 | D        | Found the +18 shield of the Gong {rElec rN+ Will+ EV-5}
     2 | D        | Found the +14 obsidian axe {vorpal, Mesm Drain Fly SInv}
     2 | D        | Found the +7 great mace "Firestarter" {inner flame, rF++}
     2 | D        | Found the +6 shillelagh "Devastator" {shatter}
     2 | D        | Found the +11 plutonium sword {Contam Stlth-}
     2 | D        | Found the +8 lance "Wyrmbane" {slay drac, rPois rF+ rC+
                  | AC+3}
     2 | D        | Found the +9 sword of Zonguldrok {reap}
     2 | D        | Found the +13 scythe of Curses {drain, Drain}
     2 | D        | Found the +5 sword of Power {vorpal}
     2 | D        | Found the +7 mace of Variability {chain chaos}
     2 | D        | Found the +7 Singing Sword {vorpal, sonic wave}
     2 | D        | Found the +8 storm bow {elec, penet}
     4 | D        | Found a transporter.
     4 | D        | Found an ancient bone altar of Kikubaaqudgha.
     4 | D        | Found a viscous altar of Jiyva.
     4 | D        | Found a corrupted altar of Lugonu.
     4 | D        | Found a hazy altar of Hepliaklqana.
     4 | D        | Found a burning altar of Makhleb.
     4 | D        | Found an opulent altar of Gozag.
    74 | D        | Became a worshipper of Makhleb the Destroyer
    83 | D        | Entered arena 2.
    83 | D        | Noticed an iron imp
    83 | D        | Found a transporter.
    86 | D        | Killed an iron imp
    86 | D        | Reached * piety under Makhleb
    87 | D        | Reached skill level 5 in Stealth
    87 | D        | Reached XP level 2. HP: 22/22 MP: 4/4
    87 | D        | Reached XP level 3. HP: 28/28 MP: 5/5
   104 | D        | Entered arena 3.
   104 | D        | Noticed a naga
   104 | D        | Noticed a water moccasin
   104 | D        | Found a transporter.
   106 | D        | Killed a naga
   107 | D        | Reached XP level 4. HP: 36/36 MP: 6/6
   107 | D        | Reached XP level 5. HP: 42/42 MP: 7/7
   110 | D        | Killed a water moccasin
   111 | D        | Reached skill level 10 in Earth Magic
   119 | D        | Got the +0 buckler "Toza" {Dex+3}
   124 | D        | Entered arena 4.
   124 | D        | Noticed a slime creature
   124 | D        | Noticed a slime creature
   124 | D        | Found a transporter.
   125 | D        | Reached ** piety under Makhleb
   126 | D        | Reached XP level 6. HP: 49/49 MP: 8/8
   128 | D        | Killed a slime creature
   128 | D        | Killed a slime creature
   129 | D        | Reached XP level 7. HP: 55/55 MP: 9/9
   133 | D        | Got the +6 hunting sling of the Endless March {venom,
                  | Dex+2}
   147 | D        | Entered arena 5.
   147 | D        | Found the +0 staff of Battle
   147 | D        | Found a transporter.
   149 | D        | Reached *** piety under Makhleb
   150 | D        | Reached skill level 5 in Invocations
   152 | D        | Reached XP level 8. HP: 62/62 MP: 10/15
   158 | D        | Got the ring of Cetedd {Ice Str-3 Int+4 Dex+8}
   169 | D        | Reached skill level 5 in Armour
   169 | D        | Gained mutation: You passively map the area around you.
                  | [Deep Dwarf growth]
   169 | D        | Reached XP level 9. HP: 79/79 MP: 16/16
   175 | D        | Entered arena 6.
   175 | D        | Found a transporter.
   176 | D        | Reached **** piety under Makhleb
   179 | D        | Reached skill level 10 in Invocations
   196 | D        | Entered arena 7.
   196 | D        | Noticed a shining eye
   196 | D        | Noticed a sixfirhy
   196 | D        | Noticed a rakshasa
   201 | D        | Killed a sixfirhy
   202 | D        | Reached ***** piety under Makhleb
   205 | D        | Gained mutation: Your magical capacity is low. (-10% MP) [a
                  | shining eye]
   207 | D        | Killed a shining eye
   208 | D        | Reached skill level 15 in Invocations
   212 | D        | Killed a rakshasa
   216 | D        | Found a transporter.
   226 | D        | Entered arena 8.
   235 | D        | Reached XP level 10. HP: 53/87 MP: 20/20
   237 | D        | Found a transporter.
   265 | D        | Learned a level 4 spell: Animate Armour
   291 | D        | Entered arena 9.
   291 | D        | Found the +3 Elemental Staff {rElec rF++ rC++ AC+5}
   291 | D        | Noticed a cane toad
   291 | D        | Noticed a cane toad
   297 | D        | Killed a cane toad
   298 | D        | Found a transporter.
   300 | D        | Killed a cane toad
   300 | D        | Reached ****** piety under Makhleb
   311 | D        | Got the Disquisition on Weightlessness and Summoning
   330 | D        | Got the amulet "Segueg" {Spirit Regen+}
   344 | D        | Entered arena 10.
   344 | D        | Found the +4 dagger "Morg" {pain, Will+ Int+5}
   351 | D        | Found a transporter.
   355 | D        | Reached skill level 5 in Shields
   407 | D        | Learned a level 6 spell: Death Channel
   439 | D        | Entered arena 11.
   449 | D        | Found a transporter.
   508 | D        | Got the +4 leather armour "Ciuc" {rN++ Dex+4}
   532 | D        | Entered arena 12.
   532 | D        | Noticed a soul eater
   532 | D        | Noticed a soul eater
   543 | D        | Killed a soul eater
   544 | D        | Reached skill level 5 in Necromancy
   544 | D        | Noticed a ghoul
   544 | D        | Noticed a soul eater
   547 | D        | Found a transporter.
   551 | D        | Killed a soul eater
   552 | D        | Reached skill level 7 in Necromancy
   556 | D        | Killed a ghoul
   556 | D        | Killed a soul eater
   557 | D        | Reached skill level 11 in Necromancy
   557 | D        | Reached XP level 11. HP: 52/93 MP: 21/21
   597 | D        | Entered arena 13.
   597 | D        | Noticed a vault guard
   597 | D        | Noticed a vault guard
   597 | D        | Noticed a stone giant
   597 | D        | Noticed a vault guard
   597 | D        | Noticed a shadow dragon
   597 | D        | Noticed a yaktaur captain
   597 | D        | Noticed a vault guard
   598 | D        | Noticed a lich
   598 | D        | Noticed a vault guard
   598 | D        | Noticed a vault guard
   604 | D        | Killed a vault guard
   605 | D        | Reached skill level 12 in Necromancy
   605 | D        | Killed a stone giant
   605 | D        | Killed a vault guard
   606 | D        | Reached skill level 15 in Necromancy
   606 | D        | Killed a yaktaur captain
   606 | D        | Killed a vault guard
   606 | D        | Killed a vault guard
   607 | D        | Reached skill level 17 in Necromancy
   608 | D        | Killed a shadow dragon
   609 | D        | Reached skill level 18 in Necromancy
   610 | D        | Killed a vault guard
   613 | D        | Killed a vault guard
   613 | D        | Killed a lich
   614 | D        | Reached skill level 20 in Necromancy
   614 | D        | Reached XP level 12. HP: 69/100 MP: 10/20
   636 | D        | Found a transporter.
   669 | D        | Learned a level 5 spell: Lee's Rapid Deconstruction
   678 | D        | Entered arena 14.
   690 | D        | Reached skill level 5 in Fighting
   695 | D        | Killed a ghost moth
   698 | D        | Found a transporter.
   700 | D        | Reached skill level 5 in Spellcasting
   715 | D        | Got Mazxaz's Grimoire of Destructive Poison
   740 | D        | Entered arena 15.
   742 | D        | Noticed an ancient champion
   742 | D        | Noticed a war gargoyle
   742 | D        | Noticed an ancient champion
   742 | D        | Noticed an iron golem
   743 | D        | Noticed a war gargoyle
   743 | D        | Noticed an iron golem
   743 | D        | Noticed a quicksilver elemental
   743 | D        | Noticed a war gargoyle
   743 | D        | Noticed an ancient champion
   743 | D        | Noticed a war gargoyle
   743 | D        | Noticed a quicksilver elemental
   748 | D        | Killed from afar by an ancient champion

Illustrated notes

Levels and vault maps discovered:
D:        sprint_v [room_start, room_1, room_2, room_3, room_4, room_5, room_6,
          room_7, room_8, room_9, room_10, room_11, room_12, room_13, room_14,
          room_15, room_16, room_17, room_18, room_19, room_20, room_21,
          room_22, room_23, room_24, room_25, room_26, room_27]

Skill      XL: |  1  2  3  4  5  6  7  8  9 10 11 12 |
---------------+-------------------------------------+-----
Stealth        | 5 8 9 12 | 12.0
Evocations     | 4 7 9 11 | 11.6
Earth Magic    | 6 8 10 12 | 12.3
Invocations    | 9 17 | 17.7
Fighting       | 4 7 |  7.6
Armour         | 5 7 |  7.6
Shields        | 5 7 |  7.3
Spellcasting   | 3 5 |  5.3
Summonings     | 4 |  4.8
Necromancy     | 11 20 | 20.2
Dodging        | |  2.1
Transmutations | |  0.8

Action                   |  1- 3 |  4- 6 |  7- 9 | 10-12 || total
-------------------------+-------+-------+-------+-------++-------
Melee: Broad axe         |       |     3 |     1 |     4 ||     8
       Staff             |       |       |     3 |     5 ||     8
 Cast: Death Channel     |       |       |       |     1 ||     1
Invok: Lesser Servant of |       |       |     6 |     7 ||    13
       Greater Servant o |       |       |       |     8 ||     8
 Abil: Heal Wounds       |       |       |       |     3 ||     3
Evoke: Wand              |     5 |     4 |       |       ||     9
       Lightning rod     |       |       |     3 |       ||     3
       Box of beasts     |       |       |       |     1 ||     1
       Phial of floods   |       |       |       |     1 ||     1
  Use: Potion            |       |       |     1 |     6 ||     7
 Stab: Distracted        |       |       |       |     1 ||     1
Armor: Gold dragon scale |       |     5 |     2 |       ||     7
       Storm dragon scal |       |       |       |    14 ||    14
       Fire dragon scale |       |       |       |     3 ||     3
Dodge: Dodged            |       |       |       |    11 ||    11
Block: Kite shield       |       |       |     3 |    11 ||    14

Table legend: (Time is in decaauts)
 A = Elapsed time spent in this place.
 B = Non-inter-level travel time spent in this place.
 C = Inter-level travel time spent in this place.
 D = Time resting spent in this place.
 E = Time spent auto-exploring this place.
 F = Levels seen in this place.
 G = Mean time per level.
                   A        B        C        D        E       F      G
               +--------+--------+--------+--------+--------+-----+--------+
         Total |    754 |    754 |      0 |      0 |     15 |   1 |  754.0 |
       Dungeon |    754 |    754 |      0 |      0 |     15 |   1 |  754.0 |
               +--------+--------+--------+--------+--------+-----+--------+

Top non-repeatable levels by time:
       D: 754 daAuts
